 Dungeon Crawl Stone Soup version 0.21.1-1-g345015f (webtiles) character file.

1542 komo4ek the Carver (level 8, -35/60 HPs)
             Began as a Demonspawn Gladiator on Feb 5, 2018.
             Was a Follower of Uskayaw.
             Killed from afar by a wizard (63 damage)
             ... with a crystal spear
             ... on level 7 of the Dungeon.
             The game lasted 00:14:59 (7037 turns).

komo4ek the Carver (Demonspawn Gladiator)           Turns: 7037, Time: 00:15:02

Health: -35/60     AC: 12    Str: 18    XL:     8   Next: 56%
Magic:  8/8        EV:  8    Int:  9    God:    Uskayaw [*.....]
Gold:   262        SH:  3    Dex: 16    Spells: 7/7 levels left

rFire    . . .     SeeInvis +   a - +0 long sword
rCold    . . .     Gourm    .   p - +0 buckler
rNeg     . . .     Faith    .   D - +0 chain mail (curse)
rPois    .         Spirit   .   c - +0 helmet
rElec    .         Reflect  .   (no cloak)
rCorr    .         Harm     .   (no gloves)
MR       .....                  E - +1 pair of boots
Stlth    ..........             (no amulet)
HPRegen  0.20/turn              (no ring)
MPRegen  0.11/turn              B - ring of see invisible

@: no status effects
A: talons 1, thin skeletal structure 1, powered by pain 1, spiny 1
a: Stomp, Renounce Religion


You were on level 7 of the Dungeon.
You worshipped Uskayaw.
Uskayaw was noncommittal.
You were hungry.

You visited 2 branches of the dungeon, and saw 8 of its levels.
You also visited: Sewer.

You collected 262 gold pieces.

Inventory:

Hand Weapons
 a - a +0 long sword (weapon)
Missiles
 s - 4 exploding tomahawks (quivered)
Armour
 c - a +0 helmet (worn)
 p - a +0 buckler (worn)
 D - a cursed +0 chain mail (worn)
 E - a +1 pair of boots (worn)
Jewellery
 B - a ring of see invisible (right hand)
Wands
 h - a wand of random effects (13)
 y - a wand of clouds (2)
 G - a wand of polymorph (9)
Scrolls
 b - a scroll of fog {unknown}
 d - a scroll of blinking {unknown}
 g - 2 scrolls of random uselessness
 j - 7 scrolls of teleportation
 m - a scroll of identify
 n - 3 scrolls of amnesia {unknown}
 o - 2 scrolls of enchant weapon {unknown}
 q - 6 scrolls of remove curse
 t - a scroll of immolation {unknown}
 x - a scroll of magic mapping {unknown}
 C - 2 scrolls of noise {unknown}
Potions
 e - a potion of berserk rage
 i - 2 potions of curing {unknown}
 k - 2 potions of haste
 l - 2 potions of brilliance
 r - a potion of agility {unknown}
 u - a potion of might {unknown}
 v - a potion of cancellation {unknown}
 w - a potion of magic {unknown}
 z - a potion of flight {unknown}
 A - a potion of degeneration {unknown}
Books
 F - a book of Flames

   Spells                             Type                      Level
   a - Flame Tongue                   Conjuration/Fire             1
   b - Throw Flame                    Conjuration/Fire             2
   c - Conjure Flame                  Conjuration/Fire             3
   d - Inner Flame                    Hexes/Fire                   3
   e - Sticky Flame                   Conjuration/Fire             4
   f - Fireball                       Conjuration/Fire             5
Comestibles
 f - 10 rations


   Skills:
 + Level 3.9 Fighting
 + Level 8.6 Long Blades
 - Level 1.7 Throwing
 + Level 2.9 Armour
 + Level 4.1 Dodging


You had 7 spell levels left.
You didn't know any spells.

Dungeon Overview and Level Annotations

Branches:
Dungeon (7/15)             Temple (1/1) D:5

Altars:
Ashenzari
Cheibriados
Okawaru
Ru
Uskayaw
Zin
The Shining One

Shops:
D:4 (   D:7 %

Annotations:
D:3 Paps's ghost, amateur GrFi
D:6 troglodite's ghost, novice DsBe


Innate Abilities, Weirdness & Mutations

You have sharp toenails.
You have a somewhat thin skeletal structure. (Dex +2, Stealth)
You sometimes gain a little power by taking damage.
You are partially covered in sharp spines.


Message History

Press: ? - help, Dir - move target cursor, f/p - wizard
Aim: a wizard, wielding a dagger and wearing a robe (lightly wounded, fast)
You create a blast of noxious fumes!
The wizard is engulfed in noxious fumes.
The wizard gestures at you while chanting.
You struggle to resist.
You slash the wizard!
The wizard is moderately wounded.
The wizard is engulfed in noxious fumes.
The wizard is struck by your spines. The wizard hits you but does no damage.
The wizard is engulfed in noxious fumes.
The wizard is struck by your spines. The wizard hits you but does no damage.
Unknown command.
You slash the wizard!
The wizard is severely wounded.
The wizard is engulfed in noxious fumes.
The wizard casts a spell at you. The crystal spear hits you!
Ouch! That really hurt!
You die...

..# #.....########### #.... ..#
#.......#.......####....
..########.....#.#..........)....
.........................####....
...#########..##.........# #....
....... .....####.......# #####
..##### #.#....# #.......# # ###
........###.......#
.........§@........#
.......§§p#§...#####
.....§§§§.§§...# ####
...§§§#.§§##.# #... ...§§§.%§§#
.# ###.## ##......... .. ......
#.........# .# ≈≈≈≈≈≈ #<........#
≈##.## #p #


You could see a wizard.

Vanquished Creatures
  A sky beast (D:6)
  3 ogres
  A centaur (D:6)
  3 bullfrogs
  A scorpion (D:5)
  4 wights (D:6)
  A howler monkey (D:4)
  A bullfrog skeleton (D:2)
  A hound (D:4)
  2 iguanas
  3 orc wizards
  5 worker ants
  A hound skeleton (D:6)
  A worker ant zombie (D:7)
  10 gnolls
  9 adders
  6 river rats (Sewer)
  An ooze (D:2)
  4 dart slugs (D:1)
  7 leopard geckos
  8 orcs
  9 bats
  7 giant cockroaches
  2 goblins (D:2)
  8 hobgoblins
  7 jackals
  A quokka (D:4)
  2 ball pythons (Sewer)
  8 frilled lizards
  A jackal skeleton (D:5)
  5 kobolds
  17 rats
140 creatures vanquished.

Notes
Turn   | Place    | Note
-------+----------+-------------------------------------------
     0 | D:1      | komo4ek the Demonspawn Gladiator began the quest for the Orb.
     0 | D:1      | Reached XP level 1. HP: 16/16 MP: 1/1
    17 | D:1      | Reached skill level 3 in Long Blades
    30 | D:1      | Gained mutation: You sometimes gain a little power by taking damage. [demonic ancestry]
    30 | D:1      | Reached XP level 2. HP: 13/22 MP: 2/2
   486 | D:1      | Reached XP level 3. HP: 25/27 MP: 3/3
   589 | D:1      | Reached skill level 4 in Long Blades
   714 | D:2      | Gained mutation: You have sharp toenails. [demonic ancestry]
   714 | D:2      | Reached XP level 4. HP: 23/33 MP: 4/4
  1087 | D:2      | Reached skill level 5 in Long Blades
  1805 | D:3      | Reached XP level 5. HP: 25/38 MP: 5/5
  2105 | D:3      | Noticed Paps's ghost (amateur GrFi)
  2207 | D:3      | Found an iron altar of Okawaru.
  2751 | D:3      | Noticed an ice beast
  2884 | D:4      | Noticed an ogre
  2888 | D:4      | Noticed an ogre
  2958 | D:4      | Reached skill level 6 in Long Blades
  3155 | D:4      | Found Lufakkeyrgh's Weapon Shop.
  3185 | D:4      | Killed an ogre
  3185 | D:4      | Gained mutation: You are partially covered in sharp spines. [demonic ancestry]
  3185 | D:4      | Reached XP level 6. HP: 44/44 MP: 6/6
  3302 | D:4      | Found a glowing golden altar of the Shining One.
  3337 | D:4      | Reached skill level 7 in Long Blades
  3361 | D:4      | Found a glowing drain.
  3373 | Sewer    | Entered a sewer
  3571 | Sewer    | Gained mutation: You have a somewhat thin skeletal structure. (Dex +2, Stealth) [demonic ancestry]
  3571 | Sewer    | Reached XP level 7. HP: 41/50 MP: 7/7
  4062 | D:4      | Found a shattered altar of Ashenzari.
  4469 | D:5      | Entered Level 5 of the Dungeon
  4575 | D:5      | Reached skill level 8 in Long Blades
  4748 | D:5      | You fall through a shaft!
  4882 | D:5      | Found a staircase to the Ecumenical Temple.
  4887 | Temple   | Entered the Ecumenical Temple
  4957 | Temple   | Became a worshipper of Uskayaw the Reveler
  5006 | D:5      | Reached * piety under Uskayaw
  5122 | D:5      | Reached ** piety under Uskayaw
  5422 | D:6      | Reached skill level 1 in Armour
  5471 | D:6      | Reached XP level 8. HP: 21/58 MP: 8/8
  5741 | D:6      | Noticed troglodite's ghost (novice DsBe)
  6132 | D:6      | Reached *** piety under Uskayaw
  6145 | D:6      | Reached **** piety under Uskayaw
  6682 | D:7      | Found Jafetudy's Food Shop.
  6914 | D:7      | Noticed a wizard
  6915 | D:7      | Noticed a wizard
  6918 | D:7      | Noticed a wizard
  7037 | D:7      | Killed from afar by a wizard

Skill      XL: |  1  2  3  4  5  6  7  8 |
---------------+-------------------------+-----
Long Blades    | 3 4 5 6 7 8 |  8.6
Dodging        | 3 4 |  4.1
Armour         | 1 2 |  2.9
Fighting       | 3 |  3.9
Throwing       | |  1.7

Action                   |  1- 3 |  4- 6 |  7- 9 || total
-------------------------+-------+-------+-------++-------
Melee: Long sword        |    74 |   152 |   169 ||   395
       Kick              |       |    51 |    18 ||    69
Throw: Tomahawk          |       |     4 |       ||     4
       Throwing net      |       |     2 |     4 ||     6
Evoke: Wand              |       |       |     2 ||     2
  Use: Scroll            |       |       |     7 ||     7
       Potion            |       |       |     1 ||     1
 Stab: Distracted        |       |     1 |       ||     1
       Held in net/web   |       |       |     1 ||     1
       Sleeping          |       |       |     1 ||     1
       Paralysed         |       |       |     1 ||     1
  Eat: Chunk             |       |     9 |     7 ||    16
       Ration            |       |       |     1 ||     1
Armor: Leather armour    |     5 |       |       ||     5
       Ring mail         |    25 |    62 |    20 ||   107
       Chain mail        |       |       |    35 ||    35
Dodge: Dodged            |    59 |   111 |    65 ||   235
Block: Buckler           |       |    21 |    17 ||    38
       Rpst.: Long sword |    17 |    39 |    23 ||    79
